[ PARTIDA AOE2 · #495381456 ]
UnrankedWu vs Lithuanians
Equipo del jugador · DERR
Equipo rival · VICT
[ ANÁLISIS DE REPETICIÓN · EXTRAÍDO DE LA PARTIDA GRABADA ]
Feudal
9:03
Castillos
21:25
Imperial
35:46
| APM promedio | 62.2 |
| APM pico | 91 |
| eAPM promedio | 29.3 |
| Aldeanos / militares | 137 / 153 |
Foco
⚔️ 43.1% · 🌾 56.9%
Spearman ×123 · Archer ×15 · Unknown (1974) ×15 · Monk ×7 · Unknown (1942) ×6 · Militia ×5
Feudal
10:40
Castillos
21:17
Imperial
39:26
| APM promedio | 88.3 |
| APM pico | 126 |
| eAPM promedio | 45.2 |
| Aldeanos / militares | 157 / 166 |
Foco
⚔️ 49.5% · 🌾 50.5%
Knight ×132 · Scorpion ×9 · Skirmisher ×7 · Militia ×6 · Petard ×5 · Archer ×4
Mapa de la partida
Recursos iniciales + cada clic de construcción. Líneas = muros · curvas = relieve. ◆ oro · ⬟ piedra · ● bayas · ✦ reliquia · ◌ hueco del cierre
Tu base· Abierta — hueco de 2t
Base de The DarK BoB· Abierta — hueco de 1t
Terreno inicial suavizado · ◌ = hueco del cierre detectado · pasá el cursor para detalles
Inputs por minuto
— NOC | Madtomski - - The DarK BoB
Build order — NOC | Madtomski
Primeras 150 de 421 acciones detectadas
| 0:01 | Crear | Villager (Male) |
| 0:02 | Construir | House |
| 0:02 | Crear | Villager (Male) |
| 0:03 | Construir | House |
| 0:04 | Crear | Villager (Male) |
| 0:05 | Crear | Villager (Male) |
| 1:14 | Crear | Villager (Male) |
| 1:33 | Crear | Villager (Male) |
| 2:30 | Crear | Villager (Male) |
| 2:31 | Crear | Villager (Male) |
| 2:44 | Crear | Villager (Male) |
| 2:54 | Construir | Lumber Camp |
| 3:14 | Crear | Villager (Male) |
| 3:15 | Crear | Villager (Male) |
| 3:24 | Construir | House |
| 3:25 | Construir | House |
| 3:41 | Construir | House |
| 4:06 | Crear | Villager (Male) |
| 4:07 | Crear | Villager (Male) |
| 4:20 | Crear | Villager (Male) |
| 5:04 | Construir | Mining Camp |
| 5:21 | Crear | Villager (Male) |
| 6:08 | Crear | Villager (Male) |
| 6:24 | Construir | Barracks |
| 6:53 | Investigar | Feudal Age |
| 7:21 | Construir | House |
| 7:23 | Crear | Militia |
| 7:23 | Crear | Militia |
| 7:37 | Crear | Militia |
| 8:06 | Construir | Mill |
| 8:06 | Crear | Militia |
| 8:24 | Construir | Palisade Wall |
| 9:02 | Crear | Villager (Male) |
| 9:03 | Edad | Edad Feudal |
| 9:15 | Investigar | Man-at-Arms (upgrade) |
| 9:30 | Crear | Villager (Male) |
| 9:45 | Construir | Archery Range |
| 9:54 | Crear | Villager (Male) |
| 10:17 | Crear | Villager (Male) |
| 10:30 | Crear | Villager (Male) |
| 10:43 | Construir | Farm |
| 10:50 | Construir | House |
| 10:50 | Crear | Archer |
| 10:58 | Crear | Villager (Male) |
| 11:13 | Construir | Blacksmith |
| 11:15 | Construir | Farm |
| 11:22 | Crear | Villager (Male) |
| 11:34 | Crear | Archer |
| 11:39 | Construir | House |
| 11:52 | Crear | Villager (Male) |
| 11:55 | Crear | Archer |
| 12:09 | Crear | Archer |
| 12:11 | Crear | Villager (Male) |
| 12:13 | Construir | Farm |
| 12:16 | Construir | House |
| 12:31 | Investigar | Double-Bit Axe |
| 12:43 | Investigar | Fletching |
| 12:44 | Crear | Villager (Male) |
| 13:02 | Construir | Farm |
| 13:03 | Crear | Villager (Male) |
| 13:06 | Crear | Villager (Male) |
| 13:11 | Crear | Archer |
| 13:17 | Construir | Farm |
| 13:32 | Crear | Villager (Male) |
| 13:33 | Crear | Archer |
| 13:47 | Construir | Farm |
| 14:01 | Crear | Villager (Male) |
| 14:09 | Crear | Villager (Male) |
| 14:13 | Crear | Villager (Male) |
| 14:19 | Crear | Archer |
| 14:22 | Construir | Farm |
| 14:32 | Investigar | Scale Mail Armor |
| 14:41 | Construir | House |
| 14:47 | Crear | Archer |
| 14:50 | Construir | Farm |
| 14:56 | Crear | Militia |
| 15:01 | Construir | House |
| 15:10 | Construir | Farm |
| 15:12 | Crear | Villager (Male) |
| 15:23 | Crear | Villager (Male) |
| 15:25 | Investigar | Forging |
| 15:29 | Crear | Archer |
| 15:42 | Construir | Farm |
| 15:44 | Construir | Farm |
| 16:10 | Crear | Archer |
| 16:14 | Construir | Farm |
| 16:16 | Construir | Farm |
| 16:19 | Construir | Farm |
| 16:31 | Crear | Villager (Male) |
| 16:33 | Crear | Archer |
| 16:41 | Construir | House |
| 17:02 | Crear | Villager (Male) |
| 17:24 | Crear | Villager (Male) |
| 17:37 | Crear | Archer |
| 17:41 | Construir | Market |
| 17:53 | Crear | Villager (Male) |
| 17:57 | Crear | Villager (Male) |
| 18:02 | Crear | Villager (Male) |
| 18:07 | Crear | Villager (Male) |
| 18:29 | Crear | Villager (Male) |
| 18:45 | Investigar | Castle Age |
| 18:53 | Investigar | Forging |
| 18:56 | Crear | Archer |
| 18:58 | Construir | Barracks |
| 19:01 | Construir | Mining Camp |
| 19:08 | Investigar | Horse Collar |
| 19:18 | Crear | Archer |
| 19:21 | Investigar | Gold Mining |
| 19:35 | Construir | Farm |
| 19:51 | Crear | Archer |
| 19:59 | Construir | Farm |
| 20:06 | Construir | Farm |
| 20:09 | Construir | Farm |
| 21:12 | Construir | Mill |
| 21:25 | Edad | Edad de los Castillos |
| 21:27 | Crear | Unit 1974 |
| 21:27 | Crear | Unit 1974 |
| 21:28 | Crear | Villager (Male) |
| 21:35 | Investigar | Chain Mail Armor |
| 21:44 | Investigar | Loom |
| 21:54 | Construir | Town Center |
| 21:58 | Crear | Villager (Male) |
| 22:02 | Investigar | Bow Saw |
| 22:02 | Investigar | Bow Saw |
| 22:03 | Crear | Unit 1974 |
| 22:03 | Crear | Unit 1974 |
| 22:07 | Investigar | Squires |
| 22:20 | Crear | Villager (Male) |
| 22:29 | Crear | Villager (Male) |
| 22:38 | Crear | Villager (Male) |
| 22:40 | Crear | Unit 1974 |
| 22:40 | Crear | Unit 1974 |
| 22:55 | Crear | Villager (Male) |
| 23:05 | Crear | Spearman |
| 23:06 | Crear | Spearman |
| 23:08 | Investigar | Pikeman (upgrade) |
| 23:15 | Crear | Villager (Male) |
| 23:20 | Construir | Monastery |
| 23:26 | Crear | Villager (Male) |
| 23:32 | Crear | Spearman |
| 23:34 | Crear | Spearman |
| 23:52 | Construir | Town Center |
| 23:58 | Construir | Town Center |
| 24:01 | Crear | Villager (Male) |
| 24:05 | Crear | Monk |
| 24:08 | Construir | Town Center |
| 24:24 | Crear | Villager (Male) |
| 24:26 | Crear | Villager (Male) |
| 24:32 | Construir | Farm |
| 24:33 | Crear | Villager (Male) |
Build order — The DarK BoB
Primeras 150 de 504 acciones detectadas
| 0:00 | Crear | Villager (Male) |
| 0:00 | Crear | Villager (Male) |
| 0:01 | Construir | House |
| 0:02 | Construir | House |
| 0:07 | Crear | Villager (Male) |
| 0:07 | Crear | Villager (Male) |
| 0:09 | Crear | Villager (Male) |
| 0:11 | Crear | Villager (Male) |
| 1:21 | Crear | Villager (Male) |
| 1:40 | Construir | Lumber Camp |
| 1:53 | Crear | Villager (Male) |
| 1:53 | Crear | Villager (Male) |
| 3:06 | Crear | Villager (Male) |
| 3:13 | Construir | House |
| 3:19 | Crear | Villager (Male) |
| 3:19 | Crear | Villager (Male) |
| 3:43 | Crear | Villager (Male) |
| 3:43 | Crear | Villager (Male) |
| 4:18 | Construir | Barracks |
| 4:31 | Crear | Villager (Male) |
| 4:32 | Crear | Villager (Male) |
| 4:51 | Construir | House |
| 4:59 | Crear | Villager (Male) |
| 5:20 | Crear | Villager (Male) |
| 5:44 | Crear | Militia |
| 5:47 | Crear | Villager (Male) |
| 6:04 | Crear | Militia |
| 6:07 | Crear | Militia |
| 6:10 | Construir | Mining Camp |
| 6:11 | Crear | Villager (Male) |
| 6:29 | Crear | Militia |
| 6:33 | Crear | Villager (Male) |
| 6:38 | Construir | House |
| 7:02 | Construir | Mill |
| 7:11 | Crear | Villager (Male) |
| 7:38 | Crear | Villager (Male) |
| 7:45 | Construir | Palisade Wall |
| 7:49 | Construir | Palisade Wall |
| 7:59 | Crear | Villager (Male) |
| 8:30 | Investigar | Feudal Age |
| 8:37 | Construir | Palisade Wall |
| 8:38 | Construir | Palisade Wall |
| 9:22 | Crear | Militia |
| 9:54 | Crear | Militia |
| 10:06 | Construir | House |
| 10:14 | Crear | Villager (Male) |
| 10:29 | Crear | Villager (Male) |
| 10:40 | Edad | Edad Feudal |
| 10:45 | Investigar | Man-at-Arms (upgrade) |
| 10:49 | Construir | Archery Range |
| 11:00 | Investigar | Double-Bit Axe |
| 11:04 | Construir | Palisade Wall |
| 11:13 | Crear | Villager (Male) |
| 11:21 | Construir | Palisade Wall |
| 11:31 | Crear | Archer |
| 11:32 | Construir | House |
| 11:35 | Crear | Villager (Male) |
| 11:47 | Crear | Skirmisher |
| 11:51 | Investigar | Horse Collar |
| 11:52 | Crear | Villager (Male) |
| 11:54 | Construir | Farm |
| 11:56 | Construir | Farm |
| 11:57 | Construir | Farm |
| 12:00 | Construir | House |
| 12:22 | Crear | Villager (Male) |
| 12:23 | Crear | Skirmisher |
| 12:27 | Construir | Farm |
| 12:34 | Construir | House |
| 12:36 | Crear | Skirmisher |
| 12:40 | Crear | Villager (Male) |
| 12:59 | Crear | Villager (Male) |
| 13:11 | Construir | Blacksmith |
| 13:15 | Crear | Archer |
| 13:17 | Crear | Villager (Male) |
| 13:40 | Construir | Farm |
| 13:45 | Crear | Villager (Male) |
| 13:52 | Construir | House |
| 14:18 | Construir | Farm |
| 14:20 | Construir | Farm |
| 14:21 | Construir | Farm |
| 14:25 | Crear | Villager (Male) |
| 14:30 | Construir | Farm |
| 14:32 | Crear | Villager (Male) |
| 14:48 | Crear | Villager (Male) |
| 14:51 | Crear | Archer |
| 14:54 | Construir | House |
| 15:04 | Crear | Villager (Male) |
| 15:07 | Construir | Farm |
| 15:08 | Construir | Farm |
| 15:27 | Crear | Skirmisher |
| 15:28 | Crear | Villager (Male) |
| 15:33 | Crear | Villager (Male) |
| 15:37 | Investigar | Loom |
| 15:43 | Construir | Farm |
| 15:44 | Crear | Villager (Male) |
| 15:50 | Crear | Villager (Male) |
| 15:59 | Crear | Skirmisher |
| 15:59 | Crear | Skirmisher |
| 16:09 | Investigar | Fletching |
| 16:13 | Construir | House |
| 16:15 | Crear | Villager (Male) |
| 16:27 | Crear | Skirmisher |
| 16:37 | Crear | Villager (Male) |
| 16:43 | Construir | Market |
| 16:52 | Investigar | Padded Archer Armor |
| 17:27 | Crear | Villager (Male) |
| 17:40 | Crear | Archer |
| 17:44 | Construir | House |
| 17:50 | Construir | Watch Tower |
| 18:00 | Crear | Villager (Male) |
| 18:37 | Investigar | Castle Age |
| 18:38 | Investigar | Castle Age |
| 18:40 | Construir | Farm |
| 18:44 | Construir | Farm |
| 18:55 | Construir | Stable |
| 18:56 | Construir | Stable |
| 19:04 | Construir | Farm |
| 19:13 | Construir | Mining Camp |
| 19:30 | Investigar | Scale Barding Armor |
| 19:52 | Investigar | Bloodlines |
| 19:56 | Investigar | Gold Mining |
| 20:13 | Crear | Villager (Male) |
| 20:18 | Construir | Farm |
| 20:21 | Construir | Farm |
| 20:49 | Crear | Villager (Male) |
| 21:17 | Edad | Edad de los Castillos |
| 21:19 | Crear | Knight |
| 21:19 | Crear | Knight |
| 21:29 | Crear | Villager (Male) |
| 21:33 | Construir | Monastery |
| 21:39 | Construir | Town Center |
| 21:44 | Investigar | Padded Archer Armor |
| 21:47 | Crear | Knight |
| 21:48 | Crear | Knight |
| 21:49 | Crear | Villager (Male) |
| 21:50 | Construir | Farm |
| 21:57 | Investigar | Bow Saw |
| 22:04 | Crear | Knight |
| 22:07 | Crear | Villager (Male) |
| 22:18 | Crear | Monk |
| 22:28 | Crear | Villager (Male) |
| 22:36 | Investigar | Forging |
| 22:48 | Crear | Villager (Male) |
| 22:52 | Crear | Monk |
| 23:04 | Crear | Villager (Male) |
| 23:07 | Crear | Villager (Male) |
| 23:08 | Crear | Villager (Male) |
| 23:24 | Crear | Villager (Male) |
| 23:36 | Crear | Villager (Male) |
| 23:40 | Construir | Town Center |
Cronología de la partida
| 4:18 | The DarK BoB · first_building Barracks |
| 6:24 | NOC | Madtomski · first_building Barracks |
| 7:45 | The DarK BoB · wall_segment Palisade Wall x1 |
| 7:49 | The DarK BoB · wall_segment Palisade Wall x2 |
| 8:24 | NOC | Madtomski · wall_segment Palisade Wall x1 |
| 8:37 | The DarK BoB · wall_segment Palisade Wall x1 |
| 8:38 | The DarK BoB · wall_segment Palisade Wall x1 |
| 9:03 | NOC | Madtomski · age_up feudal |
| 9:45 | NOC | Madtomski · first_building Archery Range |
| 10:40 | The DarK BoB · age_up feudal |
| 10:49 | The DarK BoB · first_building Archery Range |
| 11:04 | The DarK BoB · wall_segment Palisade Wall x1 |
| 11:21 | The DarK BoB · wall_segment Palisade Wall x1 |
| 18:45 | NOC | Madtomski · first_market_sell 100 wood |
| 18:55 | The DarK BoB · first_building Stable |
| 19:06 | NOC | Madtomski · first_market_buy 100 wood |
| 21:17 | The DarK BoB · age_up castle |
| 21:25 | NOC | Madtomski · age_up castle |
| 21:33 | The DarK BoB · first_building Monastery |
| 21:38 | The DarK BoB · first_market_buy 100 stone |
| 23:20 | NOC | Madtomski · first_building Monastery |
| 24:35 | The DarK BoB · first_building Siege Workshop |
| 27:52 | NOC | Madtomski · first_building Siege Workshop |
| 31:58 | The DarK BoB · first_building Castle |
| 32:20 | The DarK BoB · first_market_sell 100 wood |
| 32:42 | NOC | Madtomski · wall_segment Palisade Wall x1 |
| 35:46 | NOC | Madtomski · age_up imperial |
| 39:26 | The DarK BoB · age_up imperial |
| 43:14 | NOC | Madtomski · resign |
[ ANÁLISIS IA · 1 CRÉDITO ]
¿Qué pasó realmente en esta partida?
Wolo.gg analiza cada decisión: build order, eco, micro, errores típicos por bracket. Análisis personalizado por WhatsApp o Discord en 30 segundos.
Guía civ
Wu
Perfil
Madtomski